Map: Hardwire LE

Players

Maru

  • Race: Terran Terran
  • League: Master

DPGDark (Dark) - Winner!

  • Race: Zerg Zerg
  • League: Master

Event: TSL 8

VOD

Have the link to the VOD?

Description

Time

  • Played on: Dec. 10, 2021, 10:50 a.m.
  • Length: 23:00

All games in this series

Show
View Real Time Build Order
Export as new Build Order

Maru Terran 

Build Orders: Reaper Expand 

Get SALT Encoding   

  12  0:00  SCV  
  13  0:12  SCV  
  14  0:17  Supply Depot  
  14  0:24  SCV  
  15  0:38  SCV  
  15  0:40  Barracks  
  16  0:43  Refinery  
  16  0:51  SCV  
  17  1:03  SCV  
  18  1:15  SCV  
  19  1:28  Reaper, Orbital Command  
  20  1:38  Command Center  
  20  1:46  Supply Depot  
  21  1:54  SCV  
  21  2:00  Marine  
  22  2:06  SCV  
  23  2:09  Factory  
  23  2:18  SCV  
  23  2:21  Barracks Reactor  
  24  2:30  SCV  
  25  2:42  SCV  
  26  2:45  Command Center  
  26  2:50  Orbital Command  
  26  2:54  SCV  
  27  2:59  Starport  
  27  3:04  Refinery  
  27  3:08  Hellion, SCV  
  27  3:11  Hellion  
  32  3:20  SCV x2  
  34  3:31  Refinery  
  34  3:32  SCV  
  34  3:33  Hellion x2  
  39  3:36  SCV  
  39  3:38  Viking  
  42  3:44  SCV  
  42  3:48  SCV  
  44  3:56  SCV, Fusion Core  
  44  3:59  Orbital Command  
  44  4:00  SCV  
  46  4:02  Supply Depot  
  46  4:04  Hellion  
  46  4:09  Hellion, Starport Tech Lab  
  50  4:11  SCV  
  50  4:14  SCV  
  52  4:23  SCV  
  53  4:26  SCV  
  53  4:28  SCV  
  58  4:31  Supply Depot  
  58  4:35  SCV  
  59  4:42  SCV x2  
  58  4:46  Refinery, Battlecruiser  
  58  4:48  SCV  
  58  4:51  Hellion  
  58  4:52  Orbital Command  
  67  4:54  Hellion  
  67  4:55  SCV  
  67  4:59  Bunker  
  70  5:00  Barracks Tech Lab  
  70  5:01  SCV  
  71  5:07  SCV  
  71  5:13  SCV  
  73  5:19  SCV, Barracks  
  73  5:20  Marine, Barracks  
  73  5:21  Stimpack  
  69  5:22  SCV  
  69  5:25  Engineering Bay  
  69  5:26  Engineering Bay  
  68  5:31  SCV  
  68  5:33  Factory Reactor  
  69  5:36  SCV x2  
  69  5:39  Supply Depot x2  
  69  5:42  Marine  
  72  5:43  SCV  
  72  5:47  Barracks  
  72  5:48  Barracks  
  73  5:52  SCV  
  73  5:53  SCV  
  73  5:55  Terran Infantry Weapons Level 1, Terran Infantry Armor Level 1  
  75  5:58  Starport Reactor  
  75  6:00  Marine  
  76  6:05  SCV x3  
  76  6:10  Supply Depot  
  79  6:17  Supply Depot, SCV x3  
  82  6:19  Siege Tank, Marine x4  
  82  6:20  Marauder  
  91  6:27  Supply Depot  
  91  6:29  SCV x2  
  91  6:31  SCV  
  92  6:37  Marine x2  
  90  6:41  Marauder, SCV x2, Marine  
  90  6:42  Marine  
  90  6:43  SCV  
  92  6:49  Barracks Tech Lab, Barracks Reactor  
  92  6:52  Refinery  
  92  6:53  SCV, Refinery, Siege Tank  
  92  6:54  SCV, Medivac x2  
  97  6:55  SCV, Marine  
  103  7:02  Combat Shield  
  103  7:06  SCV x2  
  103  7:08  Supply Depot  
  105  7:09  SCV  
  105  7:10  Armory  
  105  7:13  Marine x3  
  105  7:14  Marauder, Supply Depot, Marine x2  
  113  7:21  Factory  
  113  7:24  Supply Depot, Medivac  
  113  7:26  Marine  
  116  7:30  Siege Tank  
  116  7:31  Marine  
  120  7:37  Supply Depot  
  120  7:38  Command Center  
  120  7:40  Missile Turret  
  120  7:43  Marauder, Marine  
  123  7:49  Missile Turret  
  123  7:50  SCV  
  124  7:52  SCV  
  124  7:53  SCV  
  124  7:58  Terran Infantry Weapons Level 2, Terran Infantry Armor Level 2  
  126  8:02  SCV, Siege Tank  
  126  8:04  SCV  
  126  8:05  Marauder x2, Marine x5  
  137  8:06  Factory Tech Lab, Marine  
  141  8:14  Supply Depot x2  
  141  8:16  SCV  
  139  8:24  Marine x2  
  139  8:25  Marine x2  
  139  8:27  Marauder x2, Terran Vehicle Weapons Level 1  
  145  8:33  Siege Tank, Barracks  
  148  8:35  Siege Tank  
  151  8:42  Barracks x2  
  151  8:49  Marine  
  151  8:50  Marauder x2, Medivac x2, Marine  
  161  8:56  SCV x2  
  161  8:57  SCV  
  161  8:58  Supply Depot x2  
  161  9:01  Ghost Academy  
  164  9:05  Siege Tank  
  164  9:07  Siege Tank  
  164  9:08  SCV  
  164  9:09  SCV x2  
  173  9:10  Supply Depot  
  173  9:13  Marauder x2, Marine x2  
  179  9:20  Viking x2  
  182  9:28  Marine x2  
  184  9:31  Barracks Tech Lab  
  184  9:32  Barracks Tech Lab  
  184  9:33  Barracks Tech Lab  
  184  9:34  Marauder x2  
  184  9:38  Siege Tank  
  191  9:48  Siege Tank  
  191  9:50  Marine  
  191  9:51  Marine x3  
  200  9:55  Marauder  
  200  9:56  Planetary Fortress  
  200  9:58  Refinery x2  
  199  10:00  Marine  
  199  10:01  Command Center  
  199  10:06  Barracks Reactor  
  178  10:08  Marine x2  
  178  10:09  Marauder  
  178  10:11  Siege Tank  
  178  10:12  Marine  
  178  10:13  Marine x3  
  147  10:17  Marauder  
  147  10:19  Marauder  
  142  10:22  SCV x2  
  142  10:25  Siege Tank  
  142  10:26  Marauder  
  142  10:27  Marauder  
  151  10:30  Marauder  
  151  10:33  Concussive Shells  
  151  10:34  Command Center, Marine x2  
  151  10:35  Sensor Tower, Marine x2  
  157  10:38  Marauder  
  157  10:39  Ghost  
  161  10:44  Marine  
  161  10:47  Marine  
  161  10:48  Marauder  
  165  10:51  Marauder, Siege Tank  
  165  10:52  Personal Cloaking  
  170  10:59  Marine x2  
  170  11:00  Marauder  
  170  11:01  Siege Tank  
  173  11:10  Terran Infantry Weapons Level 3  
  173  11:13  Command Center  
  173  11:16  Marauder, Marine x5, Ghost  
  173  11:17  Marauder, Supply Depot, Marine  
  185  11:20  Orbital Command  
  185  11:23  Supply Depot  
  185  11:24  Supply Depot  
  165  11:41  Planetary Fortress  
  165  11:46  SCV x4  
  169  11:48  Terran Infantry Armor Level 3  
  169  11:53  Siege Tank  
  168  11:58  SCV x4  
  168  12:01  Factory  
  165  12:05  Ghost  
  165  12:07  Supply Depot, Marine x5  
  165  12:08  Marauder x2  
  176  12:10  SCV x3  
  179  12:21  SCV  
  180  12:24  Refinery  
  180  12:25  Drilling Claws  
  180  12:26  Supply Depot  
  180  12:27  Orbital Command  
  180  12:29  Command Center  
  180  12:32  Ghost x2  
  180  12:34  Orbital Command  
  180  12:35  Ghost  
  186  12:41  Ghost  
  188  12:47  Orbital Command  
  188  12:49  Sensor Tower  
  188  12:51  Medivac  
  188  12:56  Command Center  
  190  13:11  SCV x4  
  178  13:16  Siege Tank  
  178  13:17  Factory Reactor  
  178  13:19  SCV  
  167  13:23  SCV x4, Marine  
  167  13:24  Marauder x3, Marine x2  
  167  13:25  Marauder, Refinery  
  167  13:26  Refinery  
  182  13:29  Factory  
  182  13:31  SCV  
  183  13:35  SCV x2  
  183  13:36  Terran Vehicle Weapons Level 2  
  183  13:37  Sensor Tower  
  185  13:46  Missile Turret  
  185  13:47  SCV  
  185  13:48  Siege Tank  
  189  13:55  SCV  
  189  13:56  SCV  
  191  14:03  Ghost x2  
  191  14:04  Sensor Tower  
  195  14:12  Widow Mine x2, Factory Tech Lab, Marine  
  200  14:33  Ghost  
  200  14:38  Ghost x3  
  183  14:47  Command Center  
  183  14:49  Siege Tank x2  
  183  14:50  Widow Mine x2, Command Center  
  193  14:53  Neosteel Armor  
  193  14:54  Armory  
  193  15:03  SCV x3  
  196  15:11  Ghost  
  196  15:15  Planetary Fortress  
  196  15:16  Orbital Command  
  196  15:26  Ghost x2  
  200  15:31  Sensor Tower  
  191  15:37  Ghost x2  
  191  15:39  Ghost  
  182  15:43  SCV x4, Sensor Tower  
  182  15:44  SCV x2  
  181  15:52  Command Center  
  181  15:55  SCV x2  
  183  15:58  SCV x4  
  183  16:00  SCV  
  188  16:04  Siege Tank x2  
  188  16:07  SCV  
  188  16:09  SCV  
  188  16:10  SCV  
  197  16:17  Missile Turret  
  195  16:18  Orbital Command x2  
  195  16:25  Widow Mine x2  
  198  16:26  Terran Vehicle Weapons Level 3, Terran Vehicle And Ship Armor Level 1  
  198  16:30  Orbital Command  
  196  16:35  Marine x2  
  196  16:36  Marauder  
  199  16:41  SCV  
  199  16:42  SCV x3  
  199  16:46  Command Center  
  191  16:51  Marine  
  191  16:52  Marauder  
  194  16:55  Marauder x2, Marine x2  
  193  17:25  Ghost x3  
  185  17:35  Siege Tank x2  
  185  17:36  Widow Mine x2  
  189  17:38  Ghost  
  189  17:39  Marine x5  
  189  17:40  Marine  
  195  17:53  Ghost  
  195  17:54  Marine  
  195  17:55  Marauder  
  156  18:20  Ghost  
  156  18:22  Ghost x2  
  156  18:23  Ghost  
  156  18:26  Planetary Fortress  
  158  18:29  Planetary Fortress  
  158  18:33  Widow Mine x2, Siege Tank x2  
  168  18:36  Medivac x2  
  172  18:44  SCV x5  
  177  18:48  Ghost  
  177  18:51  Ghost x2  
  183  18:58  SCV x2  
  183  18:59  SCV x2  
  183  19:02  Sensor Tower  
  187  19:05  Siege Tank  
  187  19:06  Medivac x2  
  194  19:12  Refinery  
  175  19:27  Ghost x2  
  175  19:31  Ghost  
  165  19:35  Marauder, Marine x2  
  167  19:39  SCV x3, Command Center  
  167  19:40  Command Center  
  167  19:41  Medivac  
  167  19:42  SCV x5  
  143  19:53  Marine x2  
  143  19:55  Marine x2  
  143  19:57  Marauder x3  
  143  19:59  Siege Tank  
  156  20:00  Marauder  
  158  20:12  Marine x2  
  158  20:13  Marine x2  
  143  20:18  Marauder x3  
  143  20:19  Orbital Command  
  131  20:21  Marauder  
  133  20:29  Marine x2  
  133  20:30  Marine x3  
  138  20:37  Orbital Command  
  138  20:39  Marauder, Ghost  
  138  20:40  Marauder  
  146  20:43  Marauder  
  146  20:47  Widow Mine, Siege Tank  
  118  21:01  Marauder  
  117  21:05  SCV x5  
  121  21:15  Marauder x3, Marine x2  
  116  21:22  Marauder  
  106  21:38  Orbital Command  
  106  21:39  Ghost  
  98  21:49  Ghost x2  
  98  21:51  SCV x2  
  98  21:52  SCV x4  
  104  22:03  SCV  
  104  22:04  SCV x5  
  104  22:06  Widow Mine x3  
  104  22:07  Widow Mine, Marine x2  
  120  22:10  Marine  
  121  22:20  Marine  
  121  22:21  Marauder x2  
  70  22:37  Marine  
  70  22:38  Marauder  
Show
View Real Time Build Order
Export as new Build Order

DPGDark Zerg - Winner!

Build Orders: Hatch First 

Get SALT Encoding   

  12  0:00  Drone  
  13  0:13  Overlord  
  13  0:17  Drone  
  14  0:31  Drone x2  
  16  0:48  Hatchery  
  15  0:51  Drone  
  15  0:54  Drone  
  17  0:59  Drone  
  18  1:09  Extractor  
  17  1:13  Spawning Pool  
  16  1:18  Drone  
  16  1:19  Drone  
  18  1:28  Drone  
  20  1:40  Drone  
  20  1:50  Drone  
  21  2:00  Queen x2  
  25  2:01  Zergling x4  
  27  2:12  Overlord  
  27  2:17  Drone  
  27  2:22  Hatchery  
  27  2:24  Zergling x2  
  28  2:32  Drone  
  28  2:34  Drone x2  
  30  2:44  Drone  
  30  2:46  Queen  
  30  2:51  Overlord  
  33  2:52  Metabolic Boost  
  33  2:55  Drone  
  33  2:58  Drone  
  35  3:07  Drone  
  35  3:10  Drone  
  37  3:15  Overlord  
  37  3:16  Drone x3  
  37  3:19  Drone  
  41  3:23  Queen  
  43  3:27  Drone  
  43  3:34  Queen  
  44  3:37  Drone  
  44  3:38  Roach Warren  
  44  3:40  Drone  
  47  3:42  Drone x2  
  47  3:45  Drone  
  47  3:47  Drone  
  51  3:52  Overlord  
  51  3:53  Drone x2  
  53  3:58  Extractor  
  53  3:59  Zergling x4  
  53  4:01  Drone  
  53  4:02  Drone  
  56  4:05  Drone  
  57  4:15  Overlord  
  57  4:16  Drone  
  58  4:17  Roach x3  
  58  4:18  Roach  
  66  4:26  Overlord  
  66  4:28  Spore Crawler  
  66  4:29  Roach, Spore Crawler  
  66  4:34  Drone x3, Spore Crawler  
  66  4:35  Drone  
  69  4:39  Drone x2  
  69  4:42  Drone x3  
  74  4:47  Drone x3  
  74  4:51  Overlord  
  77  4:55  Lair  
  77  4:59  Overlord  
  77  5:02  Overlord  
  77  5:06  Overlord  
  77  5:07  Extractor x2  
  77  5:13  Drone x3  
  77  5:14  Drone  
  77  5:15  Drone x2  
  77  5:17  Drone x2  
  77  5:20  Drone x3  
  81  5:21  Drone  
  81  5:27  Drone x2  
  81  5:33  Drone x3  
  82  5:37  Evolution Chamber  
  82  5:38  Roach  
  82  5:39  Roach x4, Extractor x2  
  82  5:40  Drone  
  82  5:41  Drone  
  82  5:42  Drone, Evolution Chamber  
  91  5:44  Drone x2  
  93  5:51  Drone  
  93  5:53  Queen x2  
  98  5:59  Queen  
  98  6:00  Infestation Pit  
  94  6:04  Drone x3  
  94  6:05  Drone  
  94  6:06  Drone  
  94  6:09  Drone x3  
  94  6:10  Drone  
  101  6:13  Drone x4  
  105  6:20  Zerg Melee Weapons Level 1  
  105  6:21  Zerg Ground Armor Level 1  
  105  6:29  Overlord  
  105  6:34  Overlord  
  99  6:42  Hive  
  99  6:43  Glial Reconstitution  
  99  6:44  Roach x4  
  99  6:45  Drone, Baneling Nest  
  99  6:46  Roach x2  
  105  6:47  Roach x2  
  105  6:48  Roach  
  105  6:52  Roach  
  111  6:57  Hatchery  
  111  6:59  Roach x2  
  114  7:03  Roach x2  
  114  7:06  Roach  
  114  7:07  Overlord  
  120  7:11  Drone, Spore Crawler  
  120  7:17  Drone  
  120  7:19  Ravager, Overlord  
  120  7:22  Hatchery  
  121  7:23  Overlord  
  121  7:27  Roach x2  
  121  7:28  Roach x2  
  121  7:29  Ravager  
  130  7:31  Centrifugal Hooks  
  130  7:36  Drone  
  130  7:37  Overlord  
  130  7:38  Drone x3  
  130  7:39  Drone  
  130  7:43  Zergling x2  
  130  7:44  Zergling x8  
  139  7:45  Zergling x2  
  139  7:49  Overlord  
  139  7:50  Overlord  
  140  7:51  Zergling x2  
  140  7:55  Overlord  
  140  7:57  Viper x2  
  147  8:01  Adrenal Glands  
  147  8:03  Zergling x2  
  147  8:04  Zergling x2  
  149  8:07  Zergling x2  
  149  8:08  Zergling x6  
  149  8:09  Zergling x2  
  152  8:18  Zergling x12  
  151  8:20  Ravager  
  151  8:25  Extractor  
  148  8:30  Zergling x26  
  148  8:32  Drone  
  162  8:35  Ravager x4  
  162  8:36  Ravager  
  162  8:39  Drone x2, Zerg Melee Weapons Level 2  
  167  8:41  Zerg Ground Armor Level 2  
  167  8:43  Drone x3  
  167  8:46  Drone  
  165  8:50  Drone  
  161  8:56  Drone x3, Hatchery  
  161  9:00  Ravager, Drone  
  161  9:01  Drone x3  
  168  9:08  Zergling x2  
  169  9:10  Zergling x14  
  176  9:20  Zergling x12  
  176  9:23  Overlord  
  180  9:27  Zergling x14  
  180  9:30  Ravager x2  
  180  9:31  Overlord  
  189  9:34  Baneling x9  
  189  9:35  Baneling x4  
  189  9:39  Overlord  
  189  9:41  Overlord  
  189  9:45  Zergling x14  
  196  9:53  Zergling x8  
  185  10:14  Zergling x42  
  173  10:19  Zergling x8  
  177  10:23  Zergling x14  
  177  10:24  Ravager x5  
  177  10:27  Ultralisk Cavern  
  188  10:31  Zergling x2  
  188  10:32  Zergling x8  
  193  10:35  Baneling x5  
  193  10:36  Baneling x11  
  193  10:37  Baneling  
  193  10:38  Zergling x2  
  193  10:40  Drone x3  
  197  10:45  Zergling x4  
  197  10:46  Baneling x9  
  197  10:47  Baneling x2  
  199  10:50  Baneling x5  
  199  10:51  Baneling  
  187  11:07  Zergling x28  
  200  11:16  Baneling x6  
  200  11:17  Baneling x7  
  200  11:20  Chitinous Plating  
  180  11:39  Zergling x4  
  175  11:41  Zergling x30  
  175  11:43  Zergling x10  
  191  11:50  Zergling x2  
  191  11:51  Drone x3  
  191  11:52  Drone x2  
  191  11:53  Drone, Spore Crawler  
  188  11:55  Zergling x10  
  188  11:59  Zerg Melee Weapons Level 3, Zerg Ground Armor Level 3  
  189  12:07  Drone  
  189  12:08  Zergling x10  
  195  12:09  Baneling x2  
  195  12:10  Baneling x2  
  195  12:15  Hatchery  
  194  12:20  Zergling x12  
  200  12:32  Baneling x2  
  200  12:33  Baneling  
  200  12:36  Baneling x11  
  200  12:37  Baneling x4, Burrow  
  200  12:42  Baneling x3  
  200  12:43  Baneling  
  200  12:49  Hatchery  
  200  12:50  Drone  
  198  12:54  Drone  
  198  12:55  Baneling  
  198  12:56  Baneling  
  196  12:59  Zergling x6  
  180  13:11  Zergling x16  
  176  13:15  Zergling x2  
  176  13:16  Zergling x10  
  176  13:18  Zergling x6  
  176  13:19  Zergling x38  
  198  13:21  Anabolic Synthesis  
  198  13:24  Hatchery  
  198  13:25  Drone  
  198  13:26  Drone x3  
  199  13:32  Pathogen Glands  
  199  13:34  Pneumatized Carapace  
  199  13:36  Overseer x2, Baneling x7  
  199  13:37  Overseer  
  199  13:54  Baneling x2  
  199  14:02  Baneling  
  199  14:03  Baneling x6  
  199  14:05  Drone  
  199  14:06  Drone x2, Extractor x2  
  200  14:16  Spore Crawler  
  199  14:17  Spine Crawler  
  199  14:18  Drone x3, Spine Crawler x2  
  199  14:19  Drone  
  196  14:29  Neural Parasite  
  196  14:36  Zerg Missile Weapons Level 1  
  184  14:39  Drone x4, Hatchery  
  184  14:42  Drone x5  
  184  14:43  Drone  
  184  14:44  Spore Crawler  
  192  14:48  Zergling x14  
  192  14:52  Baneling x4  
  199  14:59  Drone  
  199  15:08  Baneling x6  
  197  15:15  Zergling x4  
  197  15:16  Zergling x2  
  182  15:40  Zergling x30  
  182  15:41  Zergling x16  
  190  15:43  Zergling x20  
  190  15:49  Zergling x8  
  196  15:53  Baneling x2  
  196  15:54  Baneling x6, Nydus Network  
  196  15:56  Zergling x8  
  194  15:59  Hatchery  
  193  16:06  Zergling x6  
  193  16:07  Spore Crawler  
  193  16:08  Spine Crawler  
  193  16:11  Zergling x12  
  200  16:13  Baneling  
  200  16:14  Baneling x13  
  200  16:18  Baneling x5  
  200  16:19  Baneling x6  
  200  16:21  Zergling x2  
  198  16:35  Zergling x4  
  195  16:44  Nydus Canal  
  182  16:50  Zergling x18  
  182  16:51  Zergling x12  
  191  17:02  Nydus Canal  
  191  17:07  Zergling x8  
  191  17:08  Zergling x2  
  196  17:13  Zerg Missile Weapons Level 2  
  191  17:22  Zergling x32  
  179  17:26  Zergling x4  
  168  17:32  Zergling x18  
  168  17:33  Ultralisk x3  
  198  17:37  Ultralisk x2  
  198  17:41  Zergling x8  
  198  17:42  Nydus Canal  
  198  17:49  Zergling x2  
  198  17:51  Baneling x15  
  199  17:54  Zergling x2  
  199  17:58  Baneling x9  
  199  18:02  Baneling x2  
  159  18:22  Ultralisk x7  
  159  18:23  Zergling x12  
  200  18:29  Nydus Canal  
  200  18:34  Baneling x4  
  200  18:35  Baneling x8  
  200  18:40  Spore Crawler  
  198  18:43  Zergling x4  
  200  18:49  Hatchery  
  200  18:51  Zergling x2  
  200  18:55  Nydus Canal  
  199  19:15  Zergling x14  
  192  19:28  Zergling x4  
  192  19:29  Zergling x12  
  192  19:30  Zergling x36  
  199  19:35  Hatchery  
  198  19:38  Zergling x2  
  198  19:39  Zergling x4  
  198  19:42  Nydus Canal  
  196  19:52  Ultralisk, Zergling x4  
  198  19:53  Zergling x10  
  198  19:54  Zergling x6  
  198  19:55  Baneling  
  198  19:56  Baneling x16  
  198  19:58  Overseer x4  
  185  20:10  Overseer x2  
  158  20:15  Ultralisk  
  158  20:16  Ultralisk x2, Zergling x34  
  158  20:17  Zergling x20  
  174  20:23  Ultralisk  
  174  20:27  Zergling x6  
  177  20:31  Ultralisk x2  
  177  20:32  Zergling x4  
  177  20:33  Zergling x2  
  192  20:38  Zergling x4  
  192  20:39  Baneling x3  
  186  20:46  Zergling x12  
  186  20:56  Zergling x2  
  186  20:57  Zergling x14  
  171  21:00  Zergling x6  
  171  21:01  Zergling x18  
  171  21:03  Zergling x2  
  173  21:15  Ultralisk  
  173  21:17  Zergling x20  
  167  21:25  Zergling x16  
  152  21:35  Zergling x14, Hatchery  
  152  21:37  Zergling x2  
  156  21:40  Zergling x2  
  156  21:42  Infestor  
  157  21:49  Zergling x12  
  159  21:55  Extractor x2  
  159  21:56  Zergling x14  
  159  21:59  Zergling x2  
  164  22:04  Zergling x12  
  164  22:06  Infestor, Hatchery  
  164  22:08  Zergling x8  
  175  22:10  Zergling x2  
  175  22:12  Extractor  
  175  22:14  Drone x3  
  179  22:16  Zergling x4  
  179  22:17  Zergling x2  
  179  22:19  Baneling x3  
  172  22:31  Zergling x24  
  172  22:34  Zergling x2  
  172  22:35  Zergling x6  
Tags
 
Add a new tag
Caveats
  • Supply blocks, unpowered buildings, or Contaminate may cause inaccurate times.
  • Supply counts are checked every 10 seconds.